 Dungeon Crawl Stone Soup version 0.15.2 (webtiles) character file.

98 DrPain the Sneak (level 4, 0/22 HPs)
             Began as a Spriggan Assassin on Jan 7, 2015.
             Killed by divine providence
             ... invoked by an orc priest
              (15 damage)
             ... on Level 3 of the Dungeon.
             The game lasted 00:05:12 (2470 turns).

DrPain the Sneak (Spriggan Assassin)                Turns: 2470, Time: 00:05:12

HP   0/22        AC  5     Str 11      XL: 4   Next: 44%
MP   8/8         EV 17     Int 12      God:
Gold 150         SH  0     Dex 17      Spells:  0 memorised,  3 levels left

rFire  . . .     SeeInvis +     w - +0 short sword (freeze)
rCold  . . .     Clarity  .     c - +0 robe
rNeg   . . .     rCorr    .     (shield restricted)
rPois  .         rRot     .     o - +2 hat
rElec  .         Spirit   .     d - +0 cloak
SustAb .         Warding  .     (gloves unavailable)
rMut   .         Stasis   .     (boots unavailable)
Gourm  .                        (no amulet)
MR     .....                    (no ring)
                                i - +3 ring of strength

@: very quick, not resistant to hostile enchantments, stealthy
A: unfitting armour, see invisible, herbivore 3, speed 3, slow metabolism 2
a: no special abilities


You were on level 3 of the Dungeon.
You were not hungry.

You visited 1 branch of the dungeon, and saw 3 of its levels.

You collected 150 gold pieces.

Inventory:

Hand weapons
 f - a +0 blowgun
 w - a +0 short sword of freezing (weapon)
 W - a +2 dagger
Missiles
 b - 2 curare-tipped needles
 e - a poisoned needle
Armour
 c - a +0 robe (worn)
 d - a +0 cloak (worn)
 o - a +2 hat (worn)
Comestibles
 h - 5 fruits
 j - a royal jelly
 p - a slice of pizza
Scrolls
 a - 2 scrolls of remove curse
 k - a scroll of identify
 l - 2 scrolls of enchant weapon {unknown}
 n - 2 scrolls of magic mapping {unknown}
 q - a scroll of enchant armour {unknown}
Jewellery
 i - a +3 ring of strength (left hand)
Potions
 g - a potion of porridge
 m - a potion of curing


   Skills:
 - Level 1.5 Fighting
 + Level 5.2 Short Blades
 - Level 2.1 Throwing
 - Level 1.5 Dodging
 - Level 5.8 Stealth


You had 3 spell levels left.
You didn't know any spells.

Dungeon Overview and Level Annotations

Branches:
Dungeon (3/15)

Altars:
Dithmenos
Nemelex Xobeh


Innate Abilities, Weirdness & Mutations

You are tiny and cannot use many weapons and most armour.
You have supernaturally acute eyesight.
You are a herbivore.
You cover ground extremely quickly.
You need consume almost no food.


Message History

The orc closely misses you.
You barely miss the orc.
The orc is moderately wounded.
The orc misses you.
You hit the orc but do no damage.
The orc is severely wounded.
You kill the orc!
The orc closely misses you.
You hit the orc. You freeze the orc.
The orc is heavily wounded.
The orc closely misses you. The orc misses you.
The orc priest mumbles some strange prayers to Beogh against you.
Pain shoots through your body!
You hit the orc. You freeze the orc.
You kill the orc!
The orc priest invokes the aid of Beogh against you.
Something smites you!
Ouch! That really hurt!
You die...

#. #. #.. #.########.## #.#
#.#.........# #.. #.#.........#
#.# #.#...##.##.# #.#
#.)......##.###)#
###########...##........#
#####......((##.[[......#####
#............)o@...%.)..#
##.###.#....#.#.#######.##
............#.#.# #...#
##.##.........#.# #)..# #.
#.......#.#.# #...#
##.##.#....##.#.# #...#
#)......#.......# #.(.# ###
#.........###.########..(######..
#......#<## #.##.....%..)%.......


You could see an orc priest.

Vanquished Creatures
  Terence (D:3)
  2 adders (D:3)
  A giant mite (D:3)
  7 orcs (D:3)
  4 giant cockroaches
  5 goblins
  5 hobgoblins
  11 jackals
  3 quokkas
  2 bats
  A giant newt (D:3)
  3 kobolds (D:2)
  4 rats
49 creatures vanquished.

Notes
Turn   | Place    | Note
--------------------------------------------------------------
     0 | D:1      | DrPain, the Spriggan Assassin, began the quest for the Orb.
     0 | D:1      | Reached XP level 1. HP: 10/10 MP: 2/2
   348 | D:1      | Reached XP level 2. HP: 14/14 MP: 4/4
  1531 | D:2      | Found a sparkling altar of Nemelex Xobeh.
  1605 | D:2      | Found a shadowy altar of Dithmenos.
  1809 | D:2      | Reached XP level 3. HP: 18/18 MP: 6/6
  2105 | D:3      | Noticed Terence
  2124 | D:3      | Killed Terence
  2124 | D:3      | Reached XP level 4. HP: 15/22 MP: 8/8
  2248 | D:3      | Reached skill level 5 in Short Blades
  2470 | D:3      | Killed from afar by an orc priest

Action                   |  1- 3 |  4- 6 || total
-------------------------+-------+-------++-------
Melee: Dagger            |    94 |       ||    94
       Short sword       |    47 |    16 ||    63
 Fire: Blowgun           |     4 |     7 ||    11
  Use: Potion            |     4 |       ||     4
       Scroll            |     2 |       ||     2
 Stab: Sleeping          |     7 |     1 ||     8
